 Dungeon Crawl Stone Soup version 0.21.1-1-g345015f (webtiles) character file.

14 letownia2 the Conjurer (level 2, -5/15 HPs)
             Began as a Tengu Wizard on Mar 5, 2018.
             Slain by a worker ant (6 damage)
             ... on level 4 of the Dungeon.
             The game lasted 00:03:10 (453 turns).

letownia2 the Conjurer (Tengu Wizard)                Turns: 453, Time: 00:03:11

Health: -5/15      AC:  3    Str:  7    XL:     2   Next: 45%
Magic:  0/7        EV: 12    Int: 18    God:
Gold:   44         SH:  0    Dex: 12    Spells: 6/7 levels left

rFire    . . .     SeeInvis .   e - +0 dagger
rCold    + . .     Gourm    .   (no shield)
rNeg     . . .     Faith    .   a - +0 robe
rPois    .         Spirit   .   b - +0 hat
rElec    .         Reflect  .   (no cloak)
rCorr    .         Harm     .   g - +0 pair of gloves (curse)
MR       .....                  (boots unavailable)
Stlth    ++........             (no amulet)
HPRegen  0.05/turn              i - ring of protection from cold
MPRegen  0.10/turn              (no ring)

@: lethally poisoned (-5 -> -9), hasted, very quick
A: beak, talons 3
a: no special abilities


You were on level 4 of the Dungeon.
You were not hungry.

You visited 1 branch of the dungeon, and saw 4 of its levels.

You collected 44 gold pieces.

Inventory:

Hand Weapons
 e - a +0 dagger (weapon)
Armour
 a - a +0 robe (worn)
 b - a +0 hat (worn)
 g - a cursed +0 pair of gloves (worn)
Jewellery
 i - a ring of protection from cold (left hand)
Scrolls
 j - a scroll of immolation {unknown}
 k - a scroll of identify {unknown}
Books
 c - a book of Minor Magic

   Spells                             Type                      Level
   a - Magic Dart                     Conjuration                  1
   b - Blink                          Translocation                2
   c - Call Imp                       Summoning                    2
   d - Slow                           Hexes                        2
   e - Conjure Flame                  Conjuration/Fire             3
   f - Mephitic Cloud                 Conjuration/Poison/Air       3
Comestibles
 d - a ration


   Skills:
 - Level 2.1 Dodging
 - Level 2.0 Stealth
 - Level 3.0 Spellcasting
 + Level 3.3 Conjurations
   Level 1.2 Summonings
   Level 0.7 Translocations


You had 6 spell levels left.
You knew the following spells:

 Your Spells              Type           Power        Failure   Level  Hunger
a - Magic Dart            Conj           ##..         4%          1    None


Dungeon Overview and Level Annotations

Branches:
Dungeon (4/15)
 Temple: D:4-7

Altars:
Fedhas
Kikubaaqudgha

Annotations:
D:3 exclusion: giant cockroach
D:4 exclusion: worker ant, letownia2's ghost, novice TeFE


Innate Abilities, Weirdness & Mutations

You have a beak for a mouth.
You have claws for feet.


Message History

The worker ant is heavily wounded.
You feel sick. The worker ant bites you.
* * * LOW HITPOINT WARNING * * *
It was a potion of haste.
You feel yourself speed up. The worker ant closely misses you.
It was a potion of curing.
You feel better. The worker ant bites you.
* * * LOW HITPOINT WARNING * * *
You are lethally poisoned!
The worker ant poisons you!
You closely miss the worker ant.
The worker ant is heavily wounded.
* * * LOW HITPOINT WARNING * * *
You feel sick. The worker ant closely misses you.
You hit the worker ant but do no damage.
The worker ant is heavily wounded.
The worker ant barely misses you.
You barely miss the worker ant.
The worker ant is heavily wounded.
The worker ant bites you.
You die...

.. #.# #.# #
#.# .# # .#
#.##.#.# .#
#.#####.......
.#
#............#
.# #.....@.#
.# #.#####a#
.## #.# ..#
#.# ..# #.. #.
#.# ..#
#...#.# #.#
..# #...#.#
#.# ....
...#(# #.# ##W
# ....# #.#


You could see a worker ant.

Vanquished Creatures
  2 leopard geckos (D:4)
  3 giant cockroaches
  A hobgoblin (D:3)
  A quokka (D:3)
  2 bats (D:2)
  A frilled lizard (D:2)
  A kobold (D:2)
  A rat (D:2)
12 creatures vanquished.

Vanquished Creatures (others)
  A withered plant (D:4)
1 creature vanquished.

Grand Total: 13 creatures vanquished

Notes
Turn   | Place    | Note
-------+----------+-------------------------------------------
     0 | D:1      | letownia2 the Tengu Wizard began the quest for the Orb.
     0 | D:1      | Reached XP level 1. HP: 10/10 MP: 5/5
   181 | D:3      | Noticed a worker ant
   273 | D:3      | Reached XP level 2. HP: 10/15 MP: 0/7
   378 | D:4      | Noticed letownia2's ghost (novice TeFE)
   404 | D:4      | Found an ancient bone altar of Kikubaaqudgha.
   404 | D:4      | Found a blossoming altar of Fedhas.
   404 | D:4      | Noticed a sky beast
   453 | D:4      | Slain by a worker ant

Skill      XL: |  1  2 |
---------------+-------+-----
Conjurations   | 2 3 |  3.3
Dodging        | |  2.1
Stealth        | |  2.0
Spellcasting   | |  3.0
Summonings     | |  1.2
Translocations | |  0.7

Action                   || total
-------------------------++-------
Melee: Dagger            ||    28
       Kick              ||     3
       Peck              ||     2
 Cast: Magic Dart        ||    36
  Use: Potion            ||     2
Armor: Robe              ||     7
Dodge: Dodged            ||    28
